 Dungeon Crawl Stone Soup version 0.29.1-15-g9cfb28693d (webtiles) character file.

Game seed: 972192422416232243

232 AleXD21137 the Ruffian (level 5, 0/53 HPs)
             Began as a Troll Chaos Knight on Apr 14, 2023.
             Was a Plaything of Xom.
             Slain by a goblin
             ... wielding a +0 club
             ... led by Robin
              (2 damage)
             ... on level 2 of the Dungeon on Apr 17, 2023.
             The game lasted 00:13:02 (1584 turns).

AleXD21137 the Ruffian (Troll Chaos Knight)         Turns: 1584, Time: 00:13:04

Health: 0/53       AC:  6    Str: 20    XL:     5   Next: 73%
Magic:  4/4        EV: 10    Int: 10    God:    Xom [..*...]
Gold:   71         SH:  0    Dex:  9    Spells: 4/4 levels left

rFire   . . .      SeeInvis .   c - +0 short sword
rCold   . . .      Faith    .   (no shield)
rNeg    . . .      Spirit   .   a - +2 robe
rPois   .          Reflect  .   (helmet restricted)
rElec   .          Harm     .   (no cloak)
rCorr   .          Rampage  .   (gloves unavailable)
Will    +....                   (boots unavailable)
Stlth   +.........              (no amulet)
HPRegen 0.97/turn               i - ring of willpower
MPRegen 0.09/turn               (no ring)

@: no status effects
A: large, unfitting armour, claws 3, regeneration 1, shaggy fur 1, tough skin 1
a: Renounce Religion


You were on level 2 of the Dungeon.
You worshipped Xom.
You were a toy of Xom.
You visited 1 branch of the dungeon, and saw 2 of its levels.

You collected 71 gold pieces.

Inventory:

Hand Weapons
 c - a +0 short sword (weapon)
 e - a +0 scythe
Missiles
 h - 4 poisoned darts
Armour
 a - a +2 robe (worn)
 d - a +0 scale mail
Jewellery
 i - a ring of willpower (left claw)
Scrolls
 g - a scroll of fear
Miscellaneous
 b - a piece from Xom's chessboard (14/15) (quivered)


   Skills:
 + Level 3.1 Fighting
 + Level 2.4 Short Blades
 + Level 3.4 Dodging
 + Level 0.1 Stealth
 + Level 3.4 Unarmed Combat


You had 4 spell levels left.
You didn't know any spells.
Your spell library was empty.

Dungeon Overview and Level Annotations

Branches:
Dungeon (2/15)

Altars:

Shops:
D:1 (

Annotations:
D:2 Robin


Innate Abilities, Weirdness & Mutations

You are too large for most types of armour.
You have claws for hands.
Your natural rate of healing is unusually fast.
You are covered in fur. (AC +1)
You have tough skin. (AC +1)


Message History

* * * LOW HITPOINT WARNING * * *
The goblin hits you with a +0 club.
* * * LOW HITPOINT WARNING * * *
Robin roars a battlecry!
The hobgoblin goes into a battle-frenzy!
The goblin hits you but does no damage. The goblin barely misses you.
As you read the scroll of teleportation, it crumbles to dust.
You feel strangely unstable.
The goblin no longer looks unusually strong.
The goblin hits you but does no damage. x2; The goblin misses you.
The goblin hits you with a +0 club.
* * * LOW HITPOINT WARNING * * *
You closely miss the goblin. The goblin hits you but does no damage.
The goblin barely misses you.
Robin roars a battlecry!
The goblin goes into a battle-frenzy!
The goblin hits you but does no damage. The goblin hits you with a +0 club.
* * * LOW HITPOINT WARNING * * *
As you read the scroll of teleportation, it crumbles to dust.
You feel strangely stable. The goblin hits you with a +0 club.
* * * LOW HITPOINT WARNING * * *
The goblin hits you but does no damage. x3
Unknown command.
You hit the goblin.
You kill the goblin!
The goblin hits you but does no damage. x2; The goblin closely misses you.
You hit Robin.
Robin is lightly wounded.
The goblin closely misses you. Robin closely misses you.
The goblin hits you with a +0 club.
* * * LOW HITPOINT WARNING * * *
The goblin barely misses you.
You closely miss Robin. You claw Robin, but do no damage.
Robin is lightly wounded.
The goblin no longer looks unusually strong.
The goblin hits you but does no damage.
Robin roars a battlecry!
The goblin goes into a battle-frenzy!
The goblin hits you but does no damage. The goblin hits you with a +0 club.
You die...

##....#
#...#.##
#.####
#...### #.#
#...# #.#
##.## #.#
#.#### #.#
#.#.. # #.#
#.#.# .####
##.#
#.#g##......
...#
#..g@gg.#
####
###g###.#
#.# #.. ####


You could see Robin, a hobgoblin (strong) and 3 goblins.

Vanquished Creatures
  Sigmund (D:2)
  2 adders (D:2)
  A dart slug (D:1)
  3 bats
  2 giant cockroaches
  4 goblins
  5 hobgoblins
  2 jackals (D:1)
  2 quokkas (D:1)
  2 ball pythons (D:1)
  A frilled lizard (D:2)
  3 kobolds (D:1)
  3 rats
31 creatures vanquished.

Vanquished Creatures (collateral kills)
  An adder (D:2)
  A dart slug (D:2)
2 creatures vanquished.

Grand Total: 33 creatures vanquished

Notes
Turn   | Place    | Note
-------+----------+-------------------------------------------
     0 | D:1      | AleXD21137 the Troll Chaos Knight began the quest for the
                  | Orb.
     0 | D:1      | Reached XP level 1. HP: 22/22 MP: 0/0
    85 | D:1      | XOM: divination: detect items
   229 | D:1      | Found a faded altar of an unknown god.
   233 | D:1      | Reached XP level 2. HP: 29/29 MP: 1/1
   424 | D:1      | Found Upriecon's Antique Weapon Shoppe.
   875 | D:2      | XOM: silly message
   925 | D:2      | XOM: noise
  1065 | D:2      | Reached XP level 3. HP: 32/36 MP: 2/2
  1089 | D:2      | XOM: silly message
  1208 | D:2      | XOM: cast spell 'Summon Ice Beast'
  1214 | D:2      | Reached skill level 1 in Short Blades
  1308 | D:2      | Noticed Sigmund
  1324 | D:2      | XOM: divination: detect creatures
  1333 | D:2      | XOM: potion effect (haste)
  1347 | D:2      | Killed Sigmund
  1348 | D:2      | Reached XP level 4. HP: 35/45 MP: 3/3
  1348 | D:2      | Reached XP level 5. HP: 41/53 MP: 4/4
  1539 | D:2      | XOM: cloud trail
  1547 | D:2      | Noticed Robin
  1583 | D:2      | HP: 1/53 [goblin/+0 club[Robin] (3)]
  1584 | D:2      | Slain by a goblin

Illustrated notes

Levels and vault maps discovered:
D:1:      heliophobic_arrival_glass_houses, layout_rooms, serial_shops,
          shop_statue, ebering_ecumenical_altar_rust, hex_tiny
D:2:      layout_loops_corners, uniq_sigmund, uniq_robin

Skill      XL: |  1  2  3 |
---------------+----------+-----
Dodging        | 2 3 |  3.4
Short Blades   | 2 |  2.4
Fighting       | 3 |  3.1
Stealth        | |  0.1
Unarmed Combat | |  3.4

Action                   |  1- 3 |  4- 6 || total
-------------------------+-------+-------++-------
Melee: Unarmed           |    11 |       ||    11
       Short sword       |   185 |    40 ||   225
       Punch             |     4 |     2 ||     6
Evoke: Piece from Xom's  |     1 |     1 ||     2
  Use: Scroll            |     3 |     3 ||     6
       Potion            |     2 |       ||     2
Armor: Robe              |   144 |    30 ||   174
Dodge: Dodged            |   157 |    37 ||   194
